 Dungeon Crawl Stone Soup version 0.27-a0-1442-g87b6fcb595 (webtiles) character file.

Game seed: 7281604898722700058

99919 dolemite99 the Carver (level 15, 0/138 HPs)
             Began as a Minotaur Hunter on July 5, 2021.
             Was an Elder of Trog.
             Slain by a naga (13 damage)
             ... on level 1 of the Snake Pit.
             The game lasted 00:54:10 (41879 turns).

dolemite99 the Carver (Minotaur Hunter)            Turns: 41879, Time: 00:54:11

Health: 0/138      AC: 21    Str: 28    XL:     15   Next: 79%
Magic:  14/14      EV: 14    Int:  5    God:    Trog [****..]
Gold:   1177       SH:  0    Dex: 11    Spells: 14/14 levels left

rFire    x . .     SeeInvis .   b - +9 scimitar "Yrasoem" {vamp, +Rage rCorr Str+7 Int-5}
rCold    + . .     Faith    +   (no shield)
rNeg     . . .     Spirit   .   f - +0 swamp dragon scales
rPois    +         Reflect  .   C - +1 hat {Stlth+}
rElec    .         Harm     .   t - scarf {repulsion}
rCorr    +         Rampage  .   e - +1 pair of gloves
Will     +++..                  F - +1 pair of boots
Stlth    ++........             H - amulet of faith
HPRegen  1.33/turn              c - ring of ice
MPRegen  0.14/turn              w - +4 ring of protection {=R}

@: strong-willed, regenerating, repel missiles
A: horns 2, retaliatory headbutt
a: Renounce Religion, Evoke Berserk Rage, Berserk, Trog's Hand, Brothers in Arms


You were on level 1 of the Snake Pit.
You worshipped Trog.
Trog was greatly pleased with you.
You visited 6 branches of the dungeon, and saw 26 of its levels.
You also visited: Sewer.

You collected 2091 gold pieces.
You spent 914 gold pieces at shops.

Inventory:

Hand Weapons
 a - a +6 shortbow of electrocution
 b - the +9 scimitar "Yrasoem" (weapon) {vamp, +Rage rCorr Str+7 Int-5}
   (You took it off an orc on level 6 of the Dungeon)

   It inflicts no extra harm, but heals its wielder when it wounds a living foe.
   Str:       It affects your strength (+7).
   Int:       It affects your intelligence (-5).
   +Rage:     It lets you go berserk.
   rCorr:     It protects you from acid and corrosion.
 L - a +0 scimitar of flaming
Missiles
 d - 34 arrows
 k - 6 throwing nets
 n - 26 poisoned darts (quivered)
 X - 5 boomerangs of dispersal
Armour
 e - a +1 pair of gloves (worn)
 f - +0 swamp dragon scales (worn)
 t - a scarf of repulsion (worn)
 A - a +3 chain mail of cold resistance
 C - a +1 hat of stealth (worn)
 F - a +1 pair of boots (worn)
Jewellery
 c - a ring of ice (left hand)
 g - a ring of resist corrosion
 w - a +4 ring of protection (right hand) {=R}
 y - a ring of protection from cold
 H - an amulet of faith (around neck)
 R - a +6 ring of strength
 Z - a +6 ring of dexterity
Wands
 i - a wand of paralysis (22)
 E - a wand of digging (8)
 I - a wand of polymorph (5)
Scrolls
 l - 12 scrolls of teleportation
 p - 3 scrolls of magic mapping
 s - 3 scrolls of blinking
 K - 2 scrolls of holy word
 P - 2 scrolls of vulnerability
 V - 5 scrolls of identify {@r1}
 W - 4 scrolls of fog
Potions
 h - 4 potions of cancellation
 m - 3 potions of curing
 o - 14 potions of flight
 q - a potion of magic
 x - 7 potions of attraction
 M - 3 potions of invisibility
 N - 4 potions of ambrosia
 Q - 3 potions of might
Miscellaneous
 z - a box of beasts (inert)
 B - a phantom mirror (inert)
 Y - a lightning rod (4/4)


   Skills:
 - Level 14.0 Fighting
 - Level 7.0(11.3) Short Blades
 - Level 14.6(15.3) Long Blades
 - Level 14.0 Bows
 - Level 4.3 Throwing
 + Level 14.0 Armour
 - Level 7.7 Dodging
 - Level 0.7 Stealth
 + Level 10.4 Evocations


You had 14 spell levels left.
You didn't know any spells.
Your spell library contained the following spells:

 Spells                   Type           Power      Damage    Failure   Level
 Frozen Ramparts          Ice            0%         1d2       91%         3
 Ice Form                 Ice/Tmut       0%         N/A       100%        4
 Summon Ice Beast         Ice/Summ       0%         N/A       100%        4


Dungeon Overview and Level Annotations

Branches:
Dungeon (15/15)            Temple (1/1) D:5            Lair (6/6) D:8
  Swamp (1/4) Lair:4        Snake (1/4) Lair:4        Slime (0/5) Lair:5
    Orc (2/2) D:11            Elf (0/3) Orc:2        Vaults (0/5) D:13
 Depths (0/5) D:15          Sewer (visited)

Altars:
Ashenzari
Cheibriados
Elyvilon
Fedhas
Gozag
Nemelex Xobeh
Okawaru
Sif Muna
Trog
Uskayaw
Wu Jian
Xom
Zin
The Shining One

Shops:
D:1 !   D:5 :   D:11 ((   Orc:2 (*[:

Annotations:
D:8 2 transporters, pigah's ghost, novice OpWn
D:12 1 runed translucent door
Lair:5 2 transporters
Lair:6 1 runed translucent door, exclusion: oklob plant


Innate Abilities, Weirdness & Mutations

You have a pair of horns on your head.
You reflexively headbutt those who attack you in melee.


Message History

The naga warrior is almost dead.
The naga barely misses you.
You hit the naga warrior.
You feel better.
The naga warrior is almost dead.
The naga warrior hits you but does no damage.
The naga warrior constricts you.
The naga mage hits you but does no damage.
The naga hits you from afar with a +0 trident!!
* * * LOW HITPOINT WARNING * * *
You slash the naga warrior!
You kill the naga warrior!
Trog accepts your kill. The naga mage misses you.
You riposte.
You slash the naga mage!
You feel better.
You headbutt the naga mage!
The naga mage is severely wounded.
The naga mage barely misses you. The naga hits you but does no damage.
Things that are here:
a +0 hand axe; a +0 kite shield; a naga corpse You slash the naga mage!
You feel better.
You kill the naga mage!
Trog accepts your kill.
Trog appreciates your killing of a magic user.
The naga completely misses you. The naga spits poison at you.
The splash of poison is repelled.
Things that are here:
a +0 club; a +0 robe The naga hits you with a +0 trident!
* * * LOW HITPOINT WARNING * * *
The naga barely misses you.
You barely miss the naga. You headbutt the naga!
The naga is heavily wounded.
The naga hits you with a +0 trident!!
* * * LOW HITPOINT WARNING * * *
The naga barely misses you.
You slash the naga! Your headbutt misses the naga.
The naga is almost dead.
The naga hits you with a +0 trident!
You die...

..# #..## .
##..(#♣..
.########.((((∩.⌠
.............#
......)<(...(#
.....(...†..##
....(......##
>........N@)#
.(#....####)# #
##... ##.# #...
## #... #.#


You could see a naga (strong, curare, catching breath).

Vanquished Creatures
  Gastronok (Lair:1)
  An orc warlord (Orc:2)
  A bunyip (Lair:4)
  Azrael (D:13)
  An ettin (Orc:2)
  A fire dragon (Lair:6)
  2 vault guards (D:13)
  Harold (D:11)
  18 hydras
  A naga warrior (Snake:1)
  2 boulder beetles
  A catoblepas (Lair:5)
  A two-headed ogre (D:10)
  2 tengu warriors
  3 orc high priests
  2 swamp dragons
  A wizard (D:13)
  2 deep elf pyromancers (D:15)
  3 bog bodies (Lair:4)
  6 orc knights
  3 necromancers
  A lindwurm (Lair:6)
  8 ugly things
  A wolf spider zombie (D:15)
  A manticore (D:12)
  3 cyclopes
  7 orc sorcerers
  6 elephants
  A guardian serpent (Snake:1)
  9 black mambas
  A naga mage (Snake:1)
  9 cane toads
  7 torpor snails
  A gargoyle (D:13)
  2 unseen horrors
  A redback zombie (D:15)
  A yaktaur (D:13)
  9 komodo dragons
  6 rime drakes
  A freezing wraith (D:14)
  6 trolls
  3 polar bears
  3 tyrant leeches
  A wolf spider simulacrum (D:15)
  3 hornets (Lair:6)
  A queen bee (D:11)
  14 blink frogs
  16 slime creatures
  A centaur simulacrum (D:15)
  A spriggan (Lair:2)
  4 water elementals (D:14)
  A vampire (D:12)
  3 fire elementals (D:13)
  A shadow (D:10)
  18 humans (D:13)
  2 basilisks
  8 wyverns
  48 yaks
  A wraith (D:13)
  4 steam dragons
  3 wargs (Orc:1)
  3 vampire mosquitoes (Swamp:1)
  An acid dragon (Lair:6)
  A naga (Lair:4)
  4 swamp worms (Lair:4)
  2 hell hounds (D:13)
  13 water moccasins
  Duvessa (D:7)
  35 orc warriors
  Purgy (Sewer)
  A black bear (D:5)
  2 sky beasts (D:6)
  2 swamp drakes (Lair:6)
  13 ogres
  A necrophage (D:6)
  12 wolves
  3 centaurs
  4 phantoms
  2 gnoll sergeants
  Dowan (D:7)
  10 bullfrogs
  5 scorpions
  A water moccasin skeleton (D:4)
  31 killer bees
  A howler monkey (D:11)
  4 electric eels
  4 crimson imps (D:3)
  5 centaur zombies
  A bullfrog zombie (D:7)
  3 hounds
  A gnoll shaman (D:7)
  18 orc priests
  A bullfrog skeleton (D:7)
  5 jellies
  A centaur skeleton (D:5)
  8 iguanas
  Natasha (thrice) (D:3)
  20 orc wizards
  A hound skeleton (D:4)
  22 gnolls
  A howler monkey skeleton (D:4)
  7 adders
  A shadow imp (D:6)
  An ufetubus (D:4)
  A worm (D:2)
  A dart slug (D:3)
  80 orcs
  14 ball pythons
  10 endoplasms
  2 giant cockroaches
  14 goblins
  10 hobgoblins
  7 jackals
  5 quokkas
  7 bats
  5 frilled lizards
  13 kobolds
  9 rats
706 creatures vanquished.

Vanquished Creatures (collateral kills)
  Frances (D:12)
  Louise (D:14)
  A hydra (D:12)
  A death knight (D:11)
  A black mamba (Lair:6)
  3 tyrant leeches (Lair:6)
  4 hornets (Lair:6)
  5 slime creatures
  A blink frog (Lair:6)
  2 water moccasins (Lair:6)
  A gnoll (Orc:2)
  An orc (Orc:2)
22 creatures vanquished.

Vanquished Creatures (others)
  A bloated husk (Swamp:1)
  2 vampire mosquitoes (Swamp:1)
  A naga (Snake:1)
  21 fungi
  136 plants
  3 withered plants (D:1)
164 creatures vanquished.

Grand Total: 892 creatures vanquished

Notes
Turn   | Place    | Note
-------+----------+-------------------------------------------
     0 | D:1      | dolemite99 the Minotaur Hunter began the quest for the Orb.
     0 | D:1      | Reached XP level 1. HP: 18/18 MP: 0/0
   296 | D:1      | Reached skill level 1 in Short Blades
   326 | D:1      | Reached XP level 2. HP: 25/25 MP: 1/1
   702 | D:1      | Found Neaschoh's Distillery.
   805 | D:1      | Reached skill level 5 in Bows
   822 | D:1      | Reached XP level 3. HP: 24/30 MP: 2/2
  1025 | D:1      | Found a faded altar of an unknown god.
  1278 | D:1      | Became a worshipper of Trog the Wrathful
  1278 | D:1      | Reached * piety under Trog
  1529 | D:2      | Reached XP level 4. HP: 37/37 MP: 3/3
  2332 | D:2      | Reached ** piety under Trog
  2532 | D:3      | HP: 1/37 [orc (2)]
  2533 | D:3      | Reached XP level 5. HP: 2/42 MP: 4/4
  3331 | D:3      | Found a shimmering altar of Xom.
  3353 | D:3      | Reached XP level 6. HP: 24/50 MP: 5/5
  3892 | D:3      | Noticed Natasha
  3895 | D:3      | Killed Natasha
  3896 | D:3      | Reached skill level 5 in Short Blades
  4039 | D:3      | Noticed Natasha
  4051 | D:3      | Killed Natasha
  4051 | D:3      | Reached *** piety under Trog
  4098 | D:3      | Noticed Natasha
  4105 | D:3      | Killed Natasha
  4194 | D:3      | Reached XP level 7. HP: 45/56 MP: 6/6
  4984 | D:4      | Found a glowing drain.
  4999 | Sewer    | Entered a sewer
  5024 | Sewer    | Noticed Purgy
  5033 | Sewer    | Killed Purgy
  5119 | Sewer    | Identified the +9 quarterstaff of Okawaru's Delight
                  | {vorpal, *Corrode rPois Str+5 Int+3}
  6109 | D:4      | Found a white marble altar of Elyvilon.
  6109 | D:4      | Found a glowing golden altar of the Shining One.
  6110 | D:4      | Found a glowing silver altar of Zin.
  6476 | D:4      | Reached XP level 8. HP: 48/62 MP: 7/7
  6546 | D:4      | Found a large runed translucent door.
  6547 | D:4      | Found a large runed translucent door.
  6799 | D:4      | Found a hide-covered altar of Uskayaw.
  6809 | D:4      | Found an opulent altar of Gozag.
  6893 | D:5      | Entered Level 5 of the Dungeon
  7008 | D:5      | Found a snail-covered altar of Cheibriados.
  7835 | D:5      | Found Nohucoul's Self-Improvement Boutique.
  8014 | D:5      | Reached **** piety under Trog
  8047 | D:5      | Found a staircase to the Ecumenical Temple.
  8060 | Temple   | Entered the Ecumenical Temple
  8098 | D:5      | Reached skill level 5 in Fighting
  8644 | D:5      | Reached skill level 10 in Bows
  9192 | D:1      | Bought a potion of lignification for 39 gold pieces
  9192 | D:1      | Bought a potion of curing for 39 gold pieces
  9192 | D:1      | Bought 2 potions of curing for 78 gold pieces
  9348 | D:7      | Reached XP level 9. HP: 55/78 MP: 8/8
  9354 | D:7      | Found an iron altar of Okawaru.
  9532 | D:6      | Identified the +3 flail of the Volcano {antimagic, rPois
                  | rC+}
  9538 | D:6      | Identified the +9 scimitar "Yrasoem" {vamp, +Rage rCorr
                  | Str+7 Int-5}
  9798 | D:6      | Noticed a purple ugly thing
  9808 | D:6      | Killed a purple ugly thing
  9855 | D:6      | Reached skill level 5 in Long Blades
 11251 | D:7      | Found an ornate altar of the Wu Jian Council.
 11565 | D:7      | Noticed Dowan
 11567 | D:7      | Noticed Duvessa
 11597 | D:7      | Killed Duvessa
 11598 | D:7      | Reached skill level 1 in Armour
 11613 | D:7      | Killed Dowan
 11716 | D:7      | Reached XP level 10. HP: 69/86 MP: 9/9
 13366 | D:8      | Found a staircase to the Lair.
 13392 | D:8      | Noticed a moth of wrath
 13629 | D:8      | Found a broken altar of Ashenzari.
 13724 | D:8      | Reached skill level 5 in Armour
 13999 | D:8      | Found a blossoming altar of Fedhas.
 14172 | D:8      | You fall into a shaft and drop 2 floors!
 14172 | D:10     | Entered Level 10 of the Dungeon
 14178 | D:10     | Found a shimmering blue altar of Sif Muna.
 14381 | D:8      | Found a transporter.
 14451 | D:8      | Found a sparkling altar of Nemelex Xobeh.
 14463 | D:8      | Noticed pigah's ghost (novice OpWn)
 14496 | D:8      | Found a transporter.
 14643 | D:8      | Found the +2 ratskin cloak {*Rats rPois rN+ Str-1 Int-1
                  | Dex+1}
 15086 | D:1      | Bought a potion of haste for 130 gold pieces
 15204 | Lair:1   | Entered Level 1 of the Lair of Beasts
 15571 | Lair:1   | Noticed an elephant
 15592 | Lair:1   | Killed an elephant
 15745 | Lair:1   | Noticed a black mamba
 15754 | Lair:1   | Killed a black mamba
 16045 | Lair:1   | Found a white marble altar of Elyvilon.
 16093 | Lair:1   | Noticed an elephant
 16110 | Lair:1   | Killed an elephant
 16213 | Lair:1   | Noticed Gastronok
 16225 | Lair:1   | Killed Gastronok
 16226 | Lair:1   | Reached skill level 10 in Fighting
 16226 | Lair:1   | Reached skill level 10 in Armour
 16226 | Lair:1   | Reached XP level 11. HP: 99/99 MP: 10/10
 17577 | Lair:1   | Reached skill level 1 in Evocations
 18194 | Lair:2   | Reached skill level 5 in Evocations
 19169 | Lair:3   | Noticed a boulder beetle
 19174 | Lair:3   | Killed a boulder beetle
 19338 | Lair:3   | Noticed a six-headed hydra
 19348 | Lair:3   | Killed a six-headed hydra
 19353 | Lair:3   | Reached XP level 12. HP: 83/107 MP: 11/11
 20772 | Lair:3   | Noticed a four-headed hydra
 20773 | Lair:3   | Noticed a four-headed hydra
 20776 | Lair:3   | Killed a four-headed hydra
 20782 | Lair:3   | Killed a four-headed hydra
 20947 | Lair:4   | Noticed a six-headed hydra
 20966 | Lair:4   | Reached skill level 10 in Long Blades
 20967 | Lair:4   | Killed a seven-headed hydra
 20993 | Lair:4   | Noticed a four-headed hydra
 21004 | Lair:4   | Killed a four-headed hydra
 21635 | Lair:4   | Found a staircase to the Swamp.
 22193 | Lair:4   | Found a staircase to the Snake Pit.
 22633 | Lair:4   | Reached skill level 1 in Throwing
 23565 | D:9      | Reached XP level 13. HP: 114/114 MP: 12/12
 24044 | D:9      | Reached ***** piety under Trog
 25515 | Lair:5   | Found a transporter.
 25836 | Lair:5   | Found a staircase to the Slime Pits.
 25957 | Lair:5   | Identified the +0 scale mail of the Stars {rPois rC+ rCorr}
 26078 | Lair:5   | Found a transporter.
 26411 | Lair:6   | Entered Level 6 of the Lair of Beasts
 27907 | Lair:6   | Noticed a fire dragon
 27923 | Lair:6   | Killed a fire dragon
 28762 | Lair:6   | Reached XP level 14. HP: 104/126 MP: 8/13
 29080 | Lair:6   | Found a runed translucent door.
 29987 | Lair:6   | Identified the +9 spear "Fadghi" {venom, rPois rC- MP+9
                  | SInv}
 30254 | D:11     | Found Qiwof's Antique Weapon Boutique.
 30267 | D:11     | Bought a glowing shortbow for 132 gold pieces
 30331 | D:11     | Noticed Harold
 30343 | D:11     | Killed Harold
 30514 | D:11     | Found a staircase to the Orcish Mines.
 30518 | D:11     | Found Foto's Weapon Emporium.
 31504 | Orc:1    | Entered Level 1 of the Orcish Mines
 32048 | Orc:2    | Entered Level 2 of the Orcish Mines
 32048 | Orc:2    | Found a gate leading to a gauntlet.
 33836 | Orc:2    | Found Foasmusu's Book Boutique.
 34012 | Orc:2    | Found a staircase to the Elven Halls.
 34024 | Orc:2    | Noticed an orc warlord
 34057 | Orc:2    | Killed an orc warlord
 34132 | Orc:2    | Found Jelaiwk's Antique Armour Boutique.
 34198 | Orc:2    | Found Cemenet's General Store.
 34303 | Orc:2    | Found Serofos's Antique Weapon Boutique.
 34520 | Orc:2    | Bought a scroll of blinking for 120 gold pieces
 34520 | Orc:2    | Bought a scroll of enchant weapon for 120 gold pieces
 34520 | Orc:2    | Bought a scroll of teleportation for 48 gold pieces
 34520 | Orc:2    | Bought a scroll of identify for 32 gold pieces
 34544 | Orc:2    | Bought a glowing scarf for 176 gold pieces
 34878 | D:12     | Noticed a tengu reaver
 34878 | D:12     | Noticed a tengu reaver
 34886 | D:12     | Noticed a storm dragon
 34887 | D:12     | Found a runed translucent door.
 34889 | D:12     | Noticed a fire giant
 35149 | D:12     | Noticed Frances
 35159 | D:12     | Killed Frances
 35416 | D:12     | Identified the +7 fire dragon scales of Intuition {rF++ rC-
                  | rN+ Will+ Dex+3}
 35990 | D:13     | Noticed Azrael
 36029 | D:13     | Killed Azrael
 36030 | D:13     | Reached XP level 15. HP: 107/137 MP: 11/14
 36215 | D:13     | Reached skill level 5 in Dodging
 36334 | D:13     | Found a gate to the Vaults.
 36679 | D:14     | Noticed Louise
 36697 | D:14     | Killed Louise
 38265 | D:15     | Entered Level 15 of the Dungeon
 38871 | D:15     | Found a staircase to the Depths.
 39109 | D:15     | Found a sparkling altar of Nemelex Xobeh.
 39746 | Swamp:1  | Entered Level 1 of the Swamp
 39763 | Swamp:1  | Reached skill level 10 in Evocations
 40980 | Lair:4   | Found a staircase to the Snake Pit.
 41551 | Lair:4   | Found a staircase to the Swamp.
 41830 | Snake:1  | Entered Level 1 of the Snake Pit
 41879 | Snake:1  | Slain by a naga

Illustrated notes

Levels and vault maps discovered:
D:1:      elethiomel_arrival_maze, layout_basic, serial_shops, shop,
          shapermc_ecumenical_altar_flowoftime, fountainhead
D:2:      layout_loops_cross
D:3:      corexii_shack_village, layout_basic, led_xom_imps,
          kennysheep_generic_room_6, uniq_natasha
D:4:      kennysheep_six_static_rooms, layout_basic, good_gods_temple_1,
          jmf_multi_god_temple2, serial_rivers, chequers_serial_rivers_micro_a,
          chequers_serial_rivers_room_a, chequers_serial_rivers_marsh,
          chequers_serial_rivers_large_a, chequers_serial_rivers_large_b,
          chequers_serial_rivers_micro_c, portal_sewer_entry_f
D:5:      layout_layer_cave, overflow_temple_1_default,
          minmay_temple_entry_hall, hangedman_glass_teeth, kennysheep_diamond,
          nicolae_shop_self_help
D:6:      layout_loops_cross, minivault_10
D:7:      layout_rooms, nzn_wu_jian_contemplation,
          nicolae_overflow_crystal_walls, enter_bailey_5, serial_bayou,
          serial_bayou_ford_a, serial_bayou_pond_d, serial_bayou_shore_a,
          serial_bayou_lagoon_a, minmay_misc_feat_nine_boxes, uniq_duvessa
D:8:      layout_basic, kennysheep_mini_moat, marbit_many_paths,
          fedhas_ov_isle_minmay, gammafunk_ghost_berserking_beasts,
          roderic_serpentine_path
D:9:      layout_irregular_city
D:10:     layout_cross, overflow_temple_1_default
D:11:     layout_roguey, orc_david_3, serial_shops, nicolae_stop_n_shop_1,
          special_room [special_room_bee], hive_lemuel, uniq_harold
D:12:     minmay_gate_of_8, layout_cave_pods, st_stairs_6, uniq_frances
D:13:     layout_rooms, grunt_vaults_entry_tiered, uniq_azrael
D:14:     layout_layer_cave, chequers_serial_rivers_micro_b,
          nicolae_underground_beach, uniq_louise
D:15:     grunt_enter_depths_magical_seal, layout_rooms,
          nemelex_xobeh_ov_fountains_minmay
Temple:   nicolae_temple_figure_zero
Lair:1:   wad_woods_stonehenge, layout_small_grid, special_room, uniq_gastronok
Lair:2:   layout_hall_layers, grunt_forest_large_clearing_hut
Lair:3:   layout_roguey, minmay_shattered_shrine
Lair:4:   layout_cave_pods, nicolae_swamp_entry_splash_gauntlet,
          guppyfry_snake_entry_island, grunt_megastairs_3
Lair:5:   gammafunk_cloud_chamber, layout_gridlike, minmay_slime_entry_pillars,
          minivault_23
Lair:6:   guppyfry_lair_end_dragon, layout_cave_pods, wormcave, st_stairs_8,
          grunt_megastairs_5, serial_bayou_shore_b, lemuel_fruit_tree
Swamp:1:  layout_falls_marsh, evilmike_swamp_ruin_house_4
Snake:1:  layout_layer_cave, minmay_shop_grove, grunt_megastairs_4
Orc:1:    layout_caves, nicolae_orc_flooded_monolith
Orc:2:    grunt_orc_gardens, layout_caves, grunt_orc_garden, grunt_orc_garden,
          grunt_orc_garden, grunt_orc_garden, gauntlet_entry_generic

Skill      XL: |  1  2  3  4  5  6  7  8  9 10 11 12 13 14 15 |
---------------+----------------------------------------------+-----
Short Blades   | 1 2 3 4 5 7 |  7.0
Bows           | 5 6 7 8 10 12 14 | 14.0
Fighting       | 6 7 10 12 13 14 | 14.0
Long Blades    | 8 11 14 | 14.6
Armour         | 3 10 12 14 | 14.0
Evocations     | 7 9 10 | 10.4
Throwing       | 3 4 |  4.3
Dodging        | 4 7 |  7.7
Stealth        | |  0.7

Action                   |  1- 3 |  4- 6 |  7- 9 | 10-12 | 13-15 || total
-------------------------+-------+-------+-------+-------+-------++-------
Melee: Short sword       |    89 |       |       |       |       ||    89
       Headbutt          |    15 |    28 |    56 |    53 |   187 ||   339
       Dagger            |       |   197 |   320 |    40 |       ||   557
       Scimitar          |       |       |     1 |   197 |   658 ||   856
 Fire: Shortbow          |    36 |    37 |   192 |   442 |   764 ||  1471
Throw: Dart              |       |    13 |     6 |    14 |    83 ||   116
Invok: Berserk           |     1 |     2 |     9 |     4 |     6 ||    22
       Trog's Hand       |       |       |    11 |     5 |    43 ||    59
       Brothers in Arms  |       |       |       |       |     4 ||     4
Evoke: Wand              |       |       |       |    16 |    43 ||    59
       Phantom mirror    |       |       |       |     1 |     6 ||     7
       Box of beasts     |       |       |       |     1 |     5 ||     6
  Use: Scroll            |     1 |     1 |     9 |    11 |    16 ||    38
       Potion            |       |     2 |     1 |     1 |     7 ||    11
 Stab: Petrified         |       |       |       |       |     2 ||     2
       Paralysed         |       |       |       |       |     2 ||     2
Armor: Leather armour    |    11 |       |       |       |       ||    11
       Ring mail         |    16 |    70 |    46 |       |       ||   132
       Scale mail        |       |       |    61 |       |       ||    61
       Skin              |       |       |    30 |       |       ||    30
       Plate armour      |       |       |    20 |   210 |   512 ||   742
       Fire dragon scale |       |       |       |       |   116 ||   116
       Swamp dragon scal |       |       |       |       |    59 ||    59
       Chain mail        |       |       |       |       |    40 ||    40
Dodge: Dodged            |    46 |    92 |   184 |   100 |   448 ||   870
       Repelled          |       |       |       |       |     9 ||     9
       Rpst.: Scimitar   |       |       |     1 |    13 |    94 ||   108

Table legend: (Time is in decaauts)
 A = Elapsed time spent in this place.
 B = Non-inter-level travel time spent in this place.
 C = Inter-level travel time spent in this place.
 D = Time resting spent in this place.
 E = Time spent auto-exploring this place.
 F = Levels seen in this place.
 G = Mean time per level.
                   A        B        C        D        E       F      G
               +--------+--------+--------+--------+--------+-----+--------+
         Total |  41383 |  39156 |   2227 |  14390 |  17860 |  27 | 1532.7 |
       Dungeon |  22364 |  20906 |   1458 |   5587 |  11271 |  15 | 1490.9 |
        Temple |      1 |      1 |      0 |      0 |      0 |   1 |    1.0 |
          Lair |  14966 |  14275 |    691 |   6527 |   5816 |   6 | 2494.3 |
         Swamp |    208 |    208 |      0 |    129 |      8 |   1 |  208.0 |
     Snake Pit |     36 |     36 |      0 |      0 |      0 |   1 |   36.0 |
  Orcish Mines |   3132 |   3055 |     77 |   1724 |    621 |   2 | 1566.0 |
         Sewer |    673 |    673 |      0 |    422 |    142 |   1 |  673.0 |
               +--------+--------+--------+--------+--------+-----+--------+

Top non-repeatable levels by time:
  Lair:4: 4208 daAuts
  Lair:6: 3437 daAuts
  Lair:1: 2662 daAuts
     D:7: 2399 daAuts
     D:5: 2263 daAuts
     D:3: 2198 daAuts
     D:6: 1835 daAuts
  Lair:3: 1769 daAuts
     D:4: 1723 daAuts
   Orc:2: 1572 daAuts
   Orc:1: 1560 daAuts
    D:14: 1548 daAuts
  Lair:5: 1521 daAuts
     D:8: 1480 daAuts
  Lair:2: 1366 daAuts
